 Dungeon Crawl Stone Soup version 0.29.1-15-g9cfb28693d (webtiles) character file.

Game seed: 7619428993752417330

1341 croobank the Insei (level 8, 0/82 (88) HPs)
             Began as an Octopode Transmuter on Mar 7, 2023.
             Slain by a wight
             ... wielding a +5 spear
              (5 damage)
             ... on level 6 of the Dungeon.
             The game lasted 00:16:08 (6133 turns).

croobank the Insei (Octopode Transmuter)            Turns: 6133, Time: 00:16:09

HP:   0/82 (88)     AC:  3    Str:  9    XL:     8   Next: 62%
MP:   5/14          EV: 14    Int: 17    God:
Gold: 204           SH:  0    Dex: 13    Spells: 9/15 levels left

rFire   . . .      SeeInvis .   k - +1 dagger (venom)
rCold   . . .      Faith    .   (no shield)
rNeg    . . .      Spirit   .   (helmet restricted)
rPois   .          Reflect  .   (no amulet)
rElec   .          Harm     .   (no ring)
rCorr   .          Rampage  .   (no ring)
Will    .....                   (no ring)
Stlth   ..........              (no ring)
HPRegen 0.23/turn               (no ring)
MPRegen 0.14/turn               (no ring)
                                (no ring)
                                (no ring)

@: berserking, very slightly contaminated, drained, very quick
A: almost no armour, amphibious, 8 rings, camouflage 1, gelatinous body 1,
(nimble swimmer 1), tentacles, tentacle spike 1, iridescent scales 1, robust 1
a: no special abilities


You were on level 6 of the Dungeon.
You visited 2 branches of the dungeon, and saw 7 of its levels.
You also visited: Sewer.

You collected 224 gold pieces.
You spent 20 gold pieces at shops.

Inventory:

Hand Weapons
 b - a +0 war axe
 c - a +0 long sword
 e - a +0 dagger of flaming
 k - a +1 dagger of venom (weapon)
 p - a +0 short sword of draining
 t - a +1 vampiric short sword
 u - a +1 spear of flaming
 x - a +1 vorpal hand axe
Missiles
 d - 10 boomerangs
 f - a curare-tipped dart
 l - 23 poisoned darts
Jewellery
 h - an amulet of regeneration
Wands
 v - a wand of mindburst (20)
 z - a wand of quicksilver (20)
Scrolls
 i - a scroll of immolation
 q - 3 scrolls of teleportation
 w - a scroll of fear {unknown}
 y - a scroll of magic mapping {unknown}
 A - 2 scrolls of blinking {unknown}
Potions
 a - a potion of lignification
 j - 4 potions of haste
 m - a potion of might
 o - a potion of invisibility {unknown}
 r - a potion of cancellation {unknown}


   Skills:
 + Level 4.0 Fighting
 + Level 4.5 Dodging
 + Level 5.1 Unarmed Combat
 + Level 4.2 Spellcasting
 + Level 4.5 Transmutations
 * Level 1.2 Fire Magic
 + Level 4.3 Poison Magic


You had 9 spell levels left.
You knew the following spells:

 Your Spells              Type           Power      Damage    Failure   Level
b - Wereblood             Tmut           19%        N/A       3%          2
c - Spider Form           Tmut/Pois      18%        N/A       8%          3
d - Foxfire               Conj/Fire      20%        2x1d5     12%         1

Your spell library contained the following spells:

 Spells                   Type           Power      Damage    Failure   Level
 Beastly Appendage        Tmut           38%        N/A       2%          1
 Static Discharge         Conj/Air       3%         3-4/arc   24%         2
 Conjure Flame            Conj/Fire      5%         6-21      34%         3
 Inner Flame              Hex/Fire       5%         N/A       34%         3
 Portal Projectile        Hex/Tloc       6%         N/A       43%         3
 Tukima's Dance           Hex            3%         N/A       43%         3
 Ice Form                 Ice/Tmut       11%        N/A       52%         4
 Blade Hands              Tmut           9%         N/A       54%         5
 Flame Wave               Conj/Fire      5%         2d5       75%         4
 Sticky Flame             Conj/Fire      5%         2d3       75%         4
 Dispel Undead            Necr           3%         3d7       83%         4


Dungeon Overview and Level Annotations

Branches:
Dungeon (6/15)             Temple (1/1) D:5           Sewer (visited)

Altars:
Ashenzari
Cheibriados
Dithmenos
Elyvilon
Fedhas
Hepliaklqana
Kikubaaqudgha
Makhleb
Nemelex Xobeh
Okawaru
Ru
Sif Muna
Trog
Uskayaw
Wu Jian
Xom
Yredelemnul
Zin

Shops:
D:3 !   D:5 *


Innate Abilities, Weirdness & Mutations

You cannot wear most types of armour.
You are amphibious.
You can wear up to eight rings at the same time.
Your skin changes colour to match your surroundings (Stealth+).
Your rubbery body absorbs attacks. (AC +1, EV +1)
((You are camouflaged when in or above water. (Stealth+)))
You have tentacles for arms and can constrict up to eight enemies at once.
One of your tentacles bears a spike.
You are partially covered in iridescent scales. (AC +2)
You are robust. (+10% HP)


Message History

The wight is moderately damaged.
The foxfire hits the wight.
The wight resists.
The wight is moderately damaged.
The wight hits you from afar with a +5 spear.
Casting: Foxfire (safe; 12% risk of failure)
Confirm with . or Enter, or press ? or * to list all spells.
You conjure some foxfire!
The foxfire hits the wight.
The wight is moderately damaged.
The foxfire hits the wight but does no damage.
The wight is moderately damaged.
The wight misses you. The wight closely misses you.
You closely miss the wight. Your grab misses the wight.
You pierce the wight.
You squeeze the wight, but do no damage.
The wight is moderately damaged.
The foxfire hits the wight.
The wight resists.
The wight is moderately damaged.
The wight hits you from afar with a +5 spear!
You feel drained. The wight barely misses you.
Casting: Foxfire (safe; 12% risk of failure)
Confirm with . or Enter, or press ? or * to list all spells.
You miscast Foxfire.
You are very lightly contaminated with residual magic.
Nothing appears to happen.
The wight hits you from afar with a +5 spear!
The wight completely misses you.
You hit the wight but do no damage. You grab the wight.
The wight is moderately damaged.
You constrict the wight, but do no damage.
The wight closely misses you. The wight hits you with a +0 flail!
* * * LOW HITPOINT WARNING * * *
You release your grip on the wight.
The wight attacks as you move away! The wight barely misses you.
There is an open door here.
The wight attacks as you move away! The wight barely misses you.
A red film seems to cover your vision as you go berserk!
You feel yourself moving faster!
You feel mighty!
The wight hits you from afar with a +5 spear!
* * * LOW HITPOINT WARNING * * *
You feel drained.
You die...

.....# .....
#...# #...#
#...##########
#...##.......#
#z..##.#####.#
##z###.#####.#
#@#.........#
####.#.#.####..#
#....#.#.####..#
#.####.#.......#
#.# #.#######.#
#.# #.# #.#
#.####.# #.#
#......# #.#
######## #.#


You could see 2 wights.

Vanquished Creatures
  A water moccasin (D:5)
  Duvessa (D:4)
  A black bear (D:4)
  2 centaurs
  3 kobold brigands (Sewer)
  A gnoll sergeant (D:5)
  Dowan (D:4)
  5 hounds
  A jelly (D:6)
  3 iguanas (D:5)
  Natasha (thrice) (D:2)
  An orc wizard (D:5)
  3 adders
  5 gnolls (D:5)
  A white imp (D:5)
  An ufetubus (D:5)
  2 worms (D:4)
  5 dart slugs
  11 orcs
  7 ball pythons
  10 bats
  4 endoplasms
  4 giant cockroaches
  7 goblins
  9 hobgoblins
  4 jackals (D:1)
  12 kobolds
  5 quokkas
  7 frilled lizards (D:2)
  7 rats
127 creatures vanquished.

Vanquished Creatures (others)
  19 foxfires
19 creatures vanquished.

Grand Total: 146 creatures vanquished

Notes
Turn   | Place    | Note
-------+----------+-------------------------------------------
     0 | D:1      | croobank the Octopode Transmuter began the quest for the
                  | Orb.
     0 | D:1      | Reached XP level 1. HP: 13/13 MP: 3/3
    62 | D:1      | Reached XP level 2. HP: 11/18 MP: 3/5
    67 | D:1      | Learned a level 2 spell: Wereblood
   805 | D:1      | Reached XP level 3. HP: 23/23 MP: 2/6
   809 | D:1      | Learned a level 3 spell: Spider Form
  1301 | D:2      | Noticed Natasha
  1308 | D:2      | Killed Natasha
  1309 | D:2      | Reached XP level 4. HP: 29/29 MP: 3/7
  1823 | D:2      | Noticed Natasha
  1828 | D:2      | Killed Natasha
  1829 | D:2      | Reached skill level 1 in Poison Magic
  1872 | D:2      | Found a faded altar of an unknown god.
  2036 | D:2      | Noticed Natasha
  2045 | D:2      | Killed Natasha
  2046 | D:2      | Reached XP level 5. HP: 17/34 MP: 4/8
  2464 | D:3      | Found Anuc's Distillery.
  2520 | D:4      | Found a glowing drain.
  2600 | Sewer    | Entered a sewer
  3228 | Sewer    | Noticed a kobold brigand
  3228 | Sewer    | Noticed a kobold brigand
  3228 | Sewer    | Noticed a kobold brigand
  3234 | Sewer    | Killed a kobold brigand
  3235 | Sewer    | Reached XP level 6. HP: 20/41 MP: 6/10
  3246 | Sewer    | Reached skill level 4 in Unarmed Combat
  3599 | D:4      | HP: 2/41 [centaur (3)]
  3604 | D:4      | Gained mutation: You are partially covered in iridescent
                  | scales. (AC +2) [potion of mutation]
  3604 | D:4      | Gained mutation: You have hidden genetic potential. [potion
                  | of mutation]
  3605 | D:4      | Reached XP level 7. HP: 2/46 MP: 10/12
  4075 | D:4      | Found a hide-covered altar of Uskayaw.
  4356 | D:4      | Found a sacrificial altar of Ru.
  4430 | D:4      | Found a white marble altar of Elyvilon.
  4430 | D:4      | Found a broken altar of Ashenzari.
  4437 | D:4      | Found a basalt altar of Yredelemnul.
  4437 | D:4      | Noticed Dowan
  4442 | D:4      | Noticed Duvessa
  4444 | D:4      | Found a faded altar of an unknown god.
  4447 | D:4      | Killed Duvessa
  4449 | D:4      | Killed Dowan
  4450 | D:4      | Found a snail-covered altar of Cheibriados.
  4452 | D:4      | Gained mutation: You are robust. (+10% HP) [hidden
                  | potential]
  4654 | D:5      | Entered Level 5 of the Dungeon
  4674 | D:5      | Learned a level 1 spell: Foxfire
  4683 | D:5      | Reached XP level 8. HP: 57/57 MP: 10/13
  4834 | D:5      | Found an ornate altar of the Wu Jian Council.
  4892 | D:5      | Found an ancient bone altar of Kikubaaqudgha.
  5003 | D:5      | Found Mejuafih's General Store.
  5011 | D:5      | Bought a scroll of identify for 20 gold pieces
  5246 | D:5      | Found a hazy altar of Hepliaklqana.
  5540 | D:5      | Reached skill level 5 in Unarmed Combat
  5546 | D:5      | Noticed a two-headed ogre
  5552 | D:5      | Gained mutation: One of your tentacles bears a spike.
                  | [hidden potential]
  5552 | D:5      | Lost mutation: You have hidden genetic potential. [hidden
                  | potential expressed]
  5572 | D:5      | Reached skill level 1 in Fire Magic
  5974 | D:5      | Found a staircase to the Ecumenical Temple.
  5983 | Temple   | Entered the Ecumenical Temple
  6133 | D:6      | Slain by a wight

Illustrated notes

Levels and vault maps discovered:
D:1:      tarquinn_simple_flora_water_f, layout_basic
D:2:      layout_loops_ring, hellmonk_ecumenical_altar_blasted,
          minmay_lizard_pond, uniq_natasha
D:3:      layout_rooms, grunt_gozag_breadcrumbs, tso_altar, serial_shops,
          nicolae_shop_trees, nicolae_shop_window_shopping,
          nicolae_shop_advertising_works [nicolae_subvault_shop_adworks], shop,
          dk_noncrumbling_4
D:4:      layout_cave_pools, nicolae_ru_the_path_less_chosen,
          nicolae_uskayaw_murder_on_the_dancefloor,
          chequers_temple_overflow_minitemple, cheibrodos_sewer_entry_drain,
          uniq_duvessa
D:5:      layout_cave_pods, nicolae_overflow_hidden_temple,
          mainiacjoe_overflow_concentric_impassable,
          mainiacjoe_overflow_small_starburst, temple_hall, serial_shops,
          nicolae_shop_trees, chequers_serial_rivers_small_3,
          minmay_strange_pillars, grunt_tough_drop
D:6:      layout_basic
Temple:   nicolae_temple_ecumenical_triangle

Skill      XL: |  1  2  3  4  5  6  7  8 |
---------------+-------------------------+-----
Fighting       | 2 3 4 |  4.0
Poison Magic   | 1 2 3 4 |  4.3
Transmutations | 3 4 |  4.5
Dodging        | 3 4 |  4.5
Spellcasting   | 3 4 |  4.2
Unarmed Combat | 4 5 |  5.1
Fire Magic     | 1 |  1.2

Action                   |  1- 3 |  4- 6 |  7- 9 || total
-------------------------+-------+-------+-------++-------
Melee: Unarmed           |    25 |       |       ||    25
       Constrict         |    18 |    31 |    29 ||    78
       Kick              |    13 |    36 |    29 ||    78
       Tentacles         |     4 |    22 |    34 ||    60
       Dagger            |    27 |   114 |    99 ||   240
       Punch             |       |     6 |     4 ||    10
 Cast: Beastly Appendage |    16 |    23 |     9 ||    48
       Wereblood         |    12 |    21 |    10 ||    43
       Foxfire           |       |       |    13 ||    13
  Use: Scroll            |       |     3 |     6 ||     9
       Potion            |       |     4 |     2 ||     6
 Stab: Sleeping          |     7 |     6 |     3 ||    16
Armor: Skin              |     3 |    11 |    14 ||    28
Dodge: Dodged            |    29 |    86 |    79 ||   194
